 Dungeon Crawl Stone Soup version 0.30-a0-6-g7c9e10e132 (webtiles) character file.

Game seed: 5588243768457256247

1269 greenreed the Grappler (level 8, -2/67 HPs)
             Began as a Ghoul Monk on Aug 22, 2022.
             Was a Believer of Makhleb.
             Slain by an orc warrior
             ... wielding a +0 mace
              (14 damage)
             ... on level 6 of the Dungeon.
             The game lasted 00:11:28 (6346 turns).

greenreed the Grappler (Ghoul Monk)                 Turns: 6346, Time: 00:11:28

Health: -2/67      AC:  9    Str: 17    XL:     8   Next: 53%
Magic:  8/8        EV: 12    Int:  5    God:    Makhleb [**....]
Gold:   192        SH:  0    Dex: 11    Spells: 7/7 levels left

rFire   . . .      SeeInvis .      - Unarmed
rCold   + . .      Faith    .    (no shield)
rNeg    + + +      Spirit   .    v - +2 ring mail of Ilunuty {rPois}
rPois   ∞          Reflect  .    u - +0 helmet
rElec   +          Harm     .    (no cloak)
rCorr   .          Rampage  .    r - +0 pair of gloves of Untold Secrets {Drain rElec rPois rN+++}
Will    .....                    (no boots)
Stlth   ++........               (no amulet)
HPRegen 0.00/turn                w - ring of flight
MPRegen 0.11/turn                (no ring)

@: flying, inhibited regen
A: claws 1, cold resistance 1, negative energy resistance 3, inhibited
regeneration, torment resistance 2, devour on kill
a: Renounce Religion, Minor Destruction


You were on level 6 of the Dungeon.
You worshipped Makhleb.
Makhleb was pleased with you.
You visited 2 branches of the dungeon, and saw 7 of its levels.

You collected 192 gold pieces.

Inventory:

Missiles
 d - 5 poisoned darts
Armour
 a - a +0 robe
 r - the +0 pair of gloves of Untold Secrets (worn) {Drain rElec rPois rN+++}
   (You found it on level 4 of the Dungeon)

   rElec:     It insulates you from electricity.
   rPois:     It protects you from poison.
   rN:        It renders you almost immune to negative energy.
   Drain:     It drains your maximum health when unequipped.
 u - a +0 helmet (worn)
 v - the +2 ring mail of Ilunuty (worn) {rPois}
   (You found it on level 4 of the Dungeon)

   rPois:     It protects you from poison.
Jewellery
 w - a ring of flight (left hand)
Wands
 t - a wand of iceblast (7)
Scrolls
 b - 2 scrolls of magic mapping {unknown}
 g - 5 scrolls of enchant weapon {unknown}
 i - a scroll of enchant armour {unknown}
 l - 3 scrolls of summoning {unknown}
 m - a scroll of immolation {unknown}
 n - a scroll of fear {unknown}
 o - a scroll of poison {unknown}
 p - 2 scrolls of identify {unknown}
 q - a scroll of noise {unknown}
 s - a scroll of silence {unknown}
 y - a scroll of amnesia {unknown}
 z - a scroll of butterflies {unknown}
 B - a scroll of blinking {unknown}
Potions
 c - 4 potions of flight {unknown}
 e - a potion of lignification {unknown}
 f - a potion of berserk rage {unknown}
 h - 2 potions of degeneration {unknown}
 j - a potion of brilliance {unknown}
 k - 2 potions of attraction {unknown}
 x - a potion of cancellation {unknown}
 A - a potion of might {unknown}


   Skills:
 + Level 4.6 Fighting
 + Level 2.2 Armour
 + Level 4.5 Dodging
 + Level 5.0 Stealth
 + Level 8.4 Unarmed Combat
 * Level 1.5 Invocations


You had 7 spell levels left.
You didn't know any spells.
Your spell library contained the following spells:

 Spells                   Type           Power      Damage    Failure   Level
 Freeze                   Ice            0%         1d3       67%         1
 Conjure Flame            Conj/Fire      0%         6-21      96%         3
 Frozen Ramparts          Ice            0%         1d1       96%         3
 Ignite Poison            Fire/Tmut/Pois 0%         N/A       96%         3
 Hailstorm                Conj/Ice       0%         3d3       100%        4
 Sticky Flame             Conj/Fire      0%         2d3       100%        4
 Summon Ice Beast         Ice/Summ       0%         N/A       100%        4
 Ice Form                 Ice/Tmut       Unusable   N/A       N/A         4

Dungeon Overview and Level Annotations

Branches:
Dungeon (6/15)             Temple (1/1) D:5

Altars:
Cheibriados
Dithmenos
Gozag
Hepliaklqana
Kikubaaqudgha
Makhleb
Okawaru
Qazlal
Ru
Sif Muna
Trog
Uskayaw
Wu Jian
Xom
Yredelemnul

Shops:
D:2 :   D:4 =   D:5 :

Annotations:
D:4 exclusions: yak and 3 more exclusions


Innate Abilities, Weirdness & Mutations

You are immune to poison.
You have sharp fingernails.
Your flesh is cold resistant. (rC+)
You are immune to negative energy. (rN+++)
You do not regenerate when monsters are visible.
You are immune to unholy pain and torment.
You thrive by killing the living.


Message History

You kill the adder!
Makhleb accepts your kill.
No target in view!
An orc warrior is nearby!
The orc warrior shouts!
You hear a shout!
You hit the orc warrior.
The orc warrior is lightly wounded.
The orc warrior hits you with a +0 mace.
You hit the orc warrior.
The orc warrior is moderately wounded.
You barely miss the orc warrior.
The orc warrior is moderately wounded.
The orc warrior closely misses you.
You closely miss the orc warrior.
The orc warrior is moderately wounded.
The orc warrior hits you with a +0 mace!
You hit the orc warrior.
The orc warrior is heavily wounded.
The orc warrior barely misses you.
You hit the orc warrior.
The orc warrior is severely wounded.
The orc warrior closely misses you.
You closely miss the orc warrior.
The orc warrior is severely wounded.
You hit the orc warrior.
The orc warrior is almost dead.
The orc warrior hits you with a +0 mace.
You barely miss the orc. The orc misses you.
The orc warrior hits you with a +0 mace!
You hit the orc.
The orc is severely wounded.
The orc barely misses you.
An orc comes into view. It is wielding a +0 short sword.
The orc warrior hits you with a +0 mace!
* * * LOW HITPOINT WARNING * * *
You barely miss the orc.
The orc is severely wounded.
The orc barely misses you.
The orc warrior hits you with a +0 mace!
You die...

.# #........... ......
#.. ... ..... ...o....
#.. #.##..# ..........
#.. #..<###.............
#.###.............[.....
#....#.................
#.†######.##..
#....####o# ###...@o..#
##$..o..# #...........
###......... ..........
.#......... #######....
....


You could see an orc warrior and 2 orcs.

Vanquished Creatures
  Grinder (D:3)
  An ice beast (D:5)
  A black bear (D:4)
  An ogre (D:5)
  3 phantoms
  A necrophage (D:6)
  2 scorpions
  5 hounds
  An orc priest (D:5)
  An iguana (D:6)
  3 gnolls (D:2)
  7 adders
  3 worms
  2 dart slugs
  13 endoplasms
  3 giant cockroaches
  5 goblins
  12 hobgoblins
  5 quokkas
  13 ball pythons
  4 bats
  3 frilled lizards
  5 kobolds
  4 rats
99 creatures vanquished.

Notes
Turn   | Place    | Note
-------+----------+-------------------------------------------
     0 | D:1      | greenreed the Ghoul Monk began the quest for the Orb.
     0 | D:1      | Reached XP level 1. HP: 19/19 MP: 0/0
   275 | D:1      | Reached XP level 2. HP: 18/26 MP: 1/1
  1072 | D:2      | Reached XP level 3. HP: 21/33 MP: 2/2
  1298 | D:2      | Reached skill level 4 in Unarmed Combat
  1350 | D:2      | Reached XP level 4. HP: 22/40 MP: 3/3
  1528 | D:2      | Found Omupp's Book Boutique.
  2033 | D:2      | You fall into a shaft and drop 1 floor!
  2451 | D:2      | Reached XP level 5. HP: 46/46 MP: 4/4
  3220 | D:3      | Found a snail-covered altar of Cheibriados.
  3335 | D:3      | Found a faded altar of an unknown god.
  3350 | D:3      | Noticed Grinder
  3369 | D:3      | Paralysed by Grinder for 3 turns
  3385 | D:3      | Killed Grinder
  3386 | D:3      | Reached skill level 5 in Unarmed Combat
  3386 | D:3      | Reached XP level 6. HP: 50/52 MP: 5/5
  3611 | D:4      | Found Putruiwk's Jewellery Boutique.
  3641 | D:4      | Identified the +0 pair of gloves of Untold Secrets {Drain
                  | rElec rPois rN+++}
  3767 | D:4      | Reached skill level 6 in Unarmed Combat
  3799 | D:4      | Reached XP level 7. HP: 8/60 MP: 6/6
  4339 | D:4      | Identified the +2 ring mail of Ilunuty {rPois}
  4435 | D:4      | Noticed a yak
  4435 | D:4      | Noticed a yak
  4773 | D:4      | Reached skill level 7 in Unarmed Combat
  4961 | D:4      | Noticed a yak
  4961 | D:4      | Noticed a yak
  4994 | D:5      | Entered Level 5 of the Dungeon
  5048 | D:5      | Reached skill level 1 in Armour
  5356 | D:5      | Found a staircase to the Ecumenical Temple.
  5365 | Temple   | Entered the Ecumenical Temple
  5501 | Temple   | Became a worshipper of Makhleb the Destroyer
  5501 | Temple   | Reached * piety under Makhleb
  5501 | Temple   | Reached ** piety under Makhleb
  5626 | D:5      | Reached XP level 8. HP: 67/67 MP: 7/7
  5658 | D:5      | Found Loymouv's Book Shoppe.
  6116 | D:6      | Reached skill level 8 in Unarmed Combat
  6179 | D:6      | Noticed a hornet
  6209 | D:6      | Reached skill level 5 in Stealth
  6209 | D:6      | Reached skill level 1 in Invocations
  6346 | D:6      | Slain by an orc warrior

Illustrated notes

Levels and vault maps discovered:
D:1:      shiori_shiawase, layout_loops_ring, serial_forest,
          infiniplex_forest_lined_2, infiniplex_forest_clump_long,
          infiniplex_forest_straight_3, infiniplex_forest_lined_corner,
          minmay_pentomino_p2
D:2:      layout_basic, serial_shops, nicolae_shop_advertising_works
          [nicolae_subvault_shop_adworks]
D:3:      layout_basic, general_overflow_altar,
          shapermc_ecumenical_altar_notcrosses, corexii_corridor_pit,
          uniq_grinder
D:4:      minmay_chambers_of_threes, layout_gridville, serial_shops,
          nicolae_shop_trees
D:5:      layout_loops_ring, lemuel_temple_firewalk_b, serial_shops,
          nicolae_shop_trees
D:6:      layout_cave_pools, mainiacjoe_overflow_alcove_1,
          mainiacjoe_overflow_concentric_impassable,
          gammafunk_temple_overflow_wave
Temple:   minmay_temple_bridge_d

Skill      XL: |  1  2  3  4  5  6  7  8 |
---------------+-------------------------+-----
Dodging        | 3 4 |  4.5
Unarmed Combat | 4 5 6 7 8 |  8.4
Stealth        | 3 4 5 |  5.0
Fighting       | 4 |  4.6
Armour         | 1 2 |  2.2
Invocations    | 1 |  1.5

Action                   |  1- 3 |  4- 6 |  7- 9 || total
-------------------------+-------+-------+-------++-------
Melee: Unarmed           |    86 |   177 |   153 ||   416
       Punch             |     1 |     5 |     5 ||    11
Invok: Minor Destruction |       |       |     5 ||     5
  Use: Potion            |       |     2 |       ||     2
 Stab: Sleeping          |     4 |     6 |     4 ||    14
Armor: Robe              |     3 |    19 |     3 ||    25
       Ring mail         |       |       |    38 ||    38
Dodge: Dodged            |    43 |    98 |    76 ||   217

Table legend: (Time is in decaauts)
 A = Elapsed time spent in this place.
 B = Non-inter-level travel time spent in this place.
 C = Inter-level travel time spent in this place.
 D = Time resting spent in this place.
 E = Time spent auto-exploring this place.
 F = Levels seen in this place.
 G = Mean time per level.
                   A        B        C        D        E       F      G
               +--------+--------+--------+--------+--------+-----+--------+
         Total |   6302 |   6059 |    243 |      0 |   5057 |   7 |  900.3 |
       Dungeon |   6146 |   5946 |    200 |      0 |   4955 |   6 | 1024.3 |
        Temple |    155 |    112 |     43 |      0 |    102 |   1 |  155.0 |
               +--------+--------+--------+--------+--------+-----+--------+

Top non-repeatable levels by time:
     D:2: 1541 daAuts
     D:4: 1370 daAuts
     D:1: 1055 daAuts
     D:5: 1017 daAuts
     D:3: 995 daAuts
     D:6: 165 daAuts
  Temple: 155 daAuts
